MLB
SAN DIEGO PADRES @ MILWAUKEE BREWERS
10/13/2019
 
TOP OF THE 1ST
San Diego Padres batting - Pitching for Milwaukee Brewers : LHP Yusei Kikuchi
Pitching: LHP Yusei Kikuchi
Batting: RHB Lorenzo Cain 0-0: Ball
1-0: Foul Ball, location: 2F
1-1: Swinging Strike
1-2: Ball
2-2: Strikes out swinging, 2-3 out at first.
Batting: SHB Carlos Santana 0-0: Ball
1-0: Ball
2-0: Ball
3-0: Called Strike
3-1: Base on Balls
Batting: RHB Jose Altuve 0-0: Foul Ball, location: 2F
0-1: Ball
1-1: Swinging Strike
1-2: Foul Ball, location: 2F
1-2: Strikes out swinging
Batting: RHB Hunter Renfroe 0-0: Called Strike
0-1: Swinging Strike
0-2: Ball
1-2: Ball
2-2: TRIPLE (Line Drive, 9D, EV 107.5 MPH)
Carlos Santana scores
Batting: RHB Mitch Haniger 0-0: Foul Ball, location: 2F
0-1: Ball
1-1: SINGLE (Line Drive, 8RS, EV 107.5 MPH)
Hunter Renfroe scores
Batting: SHB Johan Camargo 0-0: Ball
1-0: Called Strike
1-1: Ball
2-1: Ground out 5-3 (Groundball, 56S, EV 68.8 MPH)
Top of the 1st over - 2 runs, 2 hits, 0 errors, 1 left on base; San Diego 2 - Milwaukee 0
BOTTOM OF THE 1ST
Milwaukee Brewers batting - Pitching for San Diego Padres : RHP Joe Musgrove
Pitching: RHP Joe Musgrove
Batting: LHB Jeff McNeil 0-0: Foul Ball, location: 2F
0-1: Foul Ball, location: 2F
0-2: Strikes out swinging
Batting: RHB Eugenio Suarez 0-0: Ball
1-0: Foul Ball, location: 2F
1-1: Called Strike
1-2: Ball
2-2: Foul Ball, location: 2F
2-2: Foul Ball, location: 2F
2-2: Ball
3-2: Fly out, F8 (Line Drive, 8LM, EV 104.4 MPH)
Batting: RHB Aaron Judge 0-0: Foul Ball, location: 2F
0-1: Ball
1-1: Called Strike
1-2: Strikes out looking
Bottom of the 1st over - 0 runs, 0 hits, 0 errors, 0 left on base; San Diego 2 - Milwaukee 0
TOP OF THE 2ND
San Diego Padres batting - Pitching for Milwaukee Brewers : LHP Yusei Kikuchi
Batting: RHB Yadier Molina 0-0: Swinging Strike
0-1: Called Strike
0-2: Ball
1-2: Strikes out looking
Batting: RHB Joe Musgrove 0-0: Called Strike
0-1: Ball
1-1: Called Strike
1-2: Strikes out swinging
Batting: RHB Amed Rosario 0-0: SINGLE (Line Drive, 5D, EV 100.0 MPH)
Batting: RHB Lorenzo Cain 0-0: Ball
1-0: Foul Ball, location: 2F
1-1: Foul Ball, location: 2F
1-2: Ball
2-2: Ball
3-2: SINGLE (Groundball, 4MD, EV 100.6 MPH)
Amed Rosario to second
Amed Rosario to third
Batting: SHB Carlos Santana 0-0: Ball
1-0: Ball
2-0: Ball
3-0: Called Strike
3-1: Foul Ball, location: 2F
3-2: Foul Ball, location: 2F
3-2: Base on Balls
Lorenzo Cain to second
Batting: RHB Jose Altuve 0-0: Ball
1-0: Ball
2-0: Fly out, F5 (Line Drive, 5, EV 60.6 MPH)
Top of the 2nd over - 0 runs, 2 hits, 0 errors, 3 left on base; San Diego 2 - Milwaukee 0
BOTTOM OF THE 2ND
Milwaukee Brewers batting - Pitching for San Diego Padres : RHP Joe Musgrove
Batting: LHB Eric Hosmer 0-0: Fly out, F7 (Flyball, 78M, EV 96.9 MPH)
Batting: RHB Tommy Pham 0-0: Called Strike
0-1: Ball
1-1: Called Strike
1-2: SOLO HOME RUN (Flyball, 9D, EV 106.9 MPH), Distance : 387 ft
Batting: RHB A.J. Pollock 0-0: Called Strike
0-1: Ball
1-1: Ball
2-1: Swinging Strike
2-2: DOUBLE (Line Drive, 7LS, EV 98.1 MPH)
Batting: RHB Gary Sanchez 0-0: Ball
1-0: Ball
2-0: Swinging Strike
2-1: Called Strike
2-2: Foul Ball, location: 2F
2-2: TRIPLE (Line Drive, 8RXD, EV 100.0 MPH)
A.J. Pollock scores
Batting: LHB Yusei Kikuchi 0-0: Ball
1-0: Foul Ball, location: 2F
1-1: Ball
2-1: Swinging Strike
2-2: Foul Ball, location: 2F
2-2: Strikes out swinging
Batting: RHB Addison Russell 0-0: Swinging Strike
0-1: Ball
1-1: Foul Ball, location: 2F
1-2: Strikes out looking
Bottom of the 2nd over - 2 runs, 3 hits, 0 errors, 1 left on base; San Diego 2 - Milwaukee 2
TOP OF THE 3RD
San Diego Padres batting - Pitching for Milwaukee Brewers : LHP Yusei Kikuchi
Batting: RHB Hunter Renfroe 0-0: Called Strike
0-1: Foul Ball, location: 2F
0-2: Foul Ball, location: 2F
0-2: Ball
1-2: Ball
2-2: Ground out 6-3 (Groundball, 6, EV 75.6 MPH)
Batting: RHB Mitch Haniger 0-0: Ball
1-0: Ball
2-0: Ball
3-0: Fly out, F7 (Flyball, 78S, EV 78.8 MPH)
Batting: SHB Johan Camargo 0-0: Called Strike
0-1: Ball
1-1: Ball
2-1: Ball
3-1: Base on Balls
Batting: RHB Yadier Molina 0-0: Called Strike
0-1: Fly out, F7 (Flyball, 78S, EV 91.3 MPH)
Top of the 3rd over - 0 runs, 0 hits, 0 errors, 1 left on base; San Diego 2 - Milwaukee 2
BOTTOM OF THE 3RD
Milwaukee Brewers batting - Pitching for San Diego Padres : RHP Joe Musgrove
Batting: LHB Jeff McNeil 0-0: Called Strike
0-1: Called Strike
0-2: Ball
1-2: Foul Ball, location: 2F
1-2: Ball
2-2: Ball
3-2: Fly out, F7 (Flyball, 7LS, EV 83.8 MPH)
Batting: RHB Eugenio Suarez 0-0: Called Strike
0-1: Swinging Strike
0-2: Foul Ball, location: 2F
0-2: Strikes out swinging
Batting: RHB Aaron Judge 0-0: Foul Ball, location: 2F
0-1: Ball
1-1: Foul Ball, location: 2F
1-2: Ball
2-2: Ball
3-2: Fly out, F9 (Flyball, 8RS, EV 95.0 MPH)
Bottom of the 3rd over - 0 runs, 0 hits, 0 errors, 0 left on base; San Diego 2 - Milwaukee 2
TOP OF THE 4TH
San Diego Padres batting - Pitching for Milwaukee Brewers : LHP Yusei Kikuchi
Batting: RHB Joe Musgrove 0-0: Ball
1-0: Fly out, F6 (Line Drive, 6, EV 74.4 MPH)
Batting: RHB Amed Rosario 0-0: Ball
1-0: Ground out 6-3 (Groundball, 6, EV 77.5 MPH)
Batting: RHB Lorenzo Cain 0-0: SINGLE (Flyball, 7S, EV 90.6 MPH)
Batting: SHB Carlos Santana 0-0: Ball
1-0: Ball
2-0: Ball
3-0: Base on Balls
Lorenzo Cain to second
Batting: RHB Jose Altuve 0-0: Fly out, F8 (Flyball, 8RM, EV 97.5 MPH)
Top of the 4th over - 0 runs, 1 hit, 0 errors, 2 left on base; San Diego 2 - Milwaukee 2
BOTTOM OF THE 4TH
Milwaukee Brewers batting - Pitching for San Diego Padres : RHP Joe Musgrove
Batting: LHB Eric Hosmer 0-0: Ball
1-0: Foul Ball, location: 2F
1-1: Ball
2-1: Ball
3-1: Base on Balls
Batting: RHB Tommy Pham 0-0: Ball
1-0: Foul Ball, location: 2F
1-1: Ball
2-1: Swinging Strike
2-2: Ball
3-2: Grounds into double play, 1-4-3 (Groundball, 25, EV 70.0 MPH)
Batting: RHB A.J. Pollock 0-0: Ball
1-0: Ball
2-0: Ground out 4-3 (Groundball, 4, EV 86.9 MPH)
Bottom of the 4th over - 0 runs, 0 hits, 0 errors, 0 left on base; San Diego 2 - Milwaukee 2
TOP OF THE 5TH
San Diego Padres batting - Pitching for Milwaukee Brewers : LHP Yusei Kikuchi
Batting: RHB Hunter Renfroe 0-0: Foul Ball, location: 2F
0-1: Called Strike
0-2: Ball
1-2: Ball
2-2: Ball
3-2: Ground out 6-3 (Groundball, 6, EV 84.4 MPH)
Batting: RHB Mitch Haniger 0-0: Ground out 6-3 (Groundball, 6, EV 80.0 MPH)
Batting: SHB Johan Camargo 0-0: Called Strike
0-1: Ball
1-1: Foul Ball, location: 2F
1-2: Ground out 5-3 (Groundball, 56S, EV 81.9 MPH)
Top of the 5th over - 0 runs, 0 hits, 0 errors, 0 left on base; San Diego 2 - Milwaukee 2
BOTTOM OF THE 5TH
Milwaukee Brewers batting - Pitching for San Diego Padres : RHP Joe Musgrove
Batting: RHB Gary Sanchez 0-0: Swinging Strike
0-1: Ball
1-1: Called Strike
1-2: Fly out, F7 (Flyball, 7S, EV 85.0 MPH)
Pinch Hitting: RHB Danny Valencia 0-0: Called Strike
0-1: Ball
1-1: Foul Ball, location: 2F
1-2: Fly out, F7 (Flyball, 7LM, EV 93.8 MPH)
Batting: RHB Addison Russell 0-0: Ball
1-0: Foul Ball, location: 2F
1-1: Ball
2-1: Foul Ball, location: 2F
2-2: Ground out 1-3 (Groundball, P, EV 82.5 MPH)
Bottom of the 5th over - 0 runs, 0 hits, 0 errors, 0 left on base; San Diego 2 - Milwaukee 2
TOP OF THE 6TH
San Diego Padres batting - Pitching for Milwaukee Brewers : LHP Yusei Kikuchi
Pitching: RHP Shawn Armstrong
Batting: RHB Yadier Molina 0-0: SINGLE (Line Drive, 7LS, EV 110.0 MPH)
Pinch Hitting: RHB Adam Duvall 0-0: Called Strike
0-1: Foul Ball, location: 2F
0-2: Strikes out looking
Batting: RHB Amed Rosario 0-0: Called Strike
0-1: Ball
1-1: Called Strike
1-2: Strikes out swinging
Batting: RHB Lorenzo Cain 0-0: Swinging Strike
0-1: Swinging Strike
0-2: Foul Ball, location: 2F
0-2: Ball
1-2: Ball
2-2: 2-RUN HOME RUN (Line Drive, 78XD, EV 98.8 MPH), Distance : 401 ft
Batting: SHB Carlos Santana 0-0: Foul Ball, location: 2F
0-1: SINGLE (Line Drive, 89M, EV 106.3 MPH)
Batting: RHB Jose Altuve 0-0: Ball
1-0: Called Strike
1-1: Ball
2-1: Fly out, F4 (Popup, 4M, EV 73.8 MPH)
Top of the 6th over - 2 runs, 3 hits, 0 errors, 1 left on base; San Diego 4 - Milwaukee 2
BOTTOM OF THE 6TH
Milwaukee Brewers batting - Pitching for San Diego Padres : RHP Joe Musgrove
Pitching: RHP Luis A. Garcia
Batting: LHB Jeff McNeil 0-0: Called Strike
0-1: Ball
1-1: Swinging Strike
1-2: Foul Ball, location: 2F
1-2: Strikes out swinging
Batting: RHB Eugenio Suarez 0-0: Ball
1-0: Swinging Strike
1-1: Called Strike
1-2: Ground out 4-3 (Groundball, 6M, EV 108.1 MPH)
Batting: RHB Aaron Judge 0-0: Called Strike
0-1: Ball
1-1: Called Strike
1-2: Ball
2-2: SINGLE (Groundball, 56D, EV 103.8 MPH)
Batting: LHB Eric Hosmer 0-0: Ball
1-0: Foul Ball, location: 2F
1-1: Ball
2-1: Ground out U3 (Groundball, 3S, EV 85.6 MPH)
Bottom of the 6th over - 0 runs, 1 hit, 0 errors, 1 left on base; San Diego 4 - Milwaukee 2
TOP OF THE 7TH
San Diego Padres batting - Pitching for Milwaukee Brewers : RHP Shawn Armstrong
Pitching: RHP Chad Green
Batting: RHB Hunter Renfroe 0-0: Ball
1-0: Fly out, F5 (Popup, 5, EV 60.0 MPH)
Batting: RHB Mitch Haniger 0-0: Ball
1-0: Ball
2-0: Ball
3-0: Foul Ball, location: 2F
3-1: Foul Ball, location: 2F
3-2: Foul Ball, location: 2F
3-2: Strikes out looking
Batting: SHB Johan Camargo 0-0: Ball
1-0: Swinging Strike
1-1: Ball
2-1: Ball
3-1: Foul Ball, location: 2F
3-2: Foul Ball, location: 2F
3-2: Foul Ball, location: 2F
3-2: Strikes out swinging
Top of the 7th over - 0 runs, 0 hits, 0 errors, 0 left on base; San Diego 4 - Milwaukee 2
BOTTOM OF THE 7TH
Milwaukee Brewers batting - Pitching for San Diego Padres : RHP Luis A. Garcia
Pitching: LHP Scott Alexander
Batting: RHB Tommy Pham 0-0: Ball
1-0: Ball
2-0: Ball
3-0: Base on Balls
Batting: RHB A.J. Pollock 0-0: Foul Ball, location: 2F
0-1: Foul Ball, location: 2F
0-2: Reached on error, E5 (Groundball, 56S, EV 85.0 MPH)
Tommy Pham to second
Batting: RHB Gary Sanchez 0-0: Called Strike
0-1: Ball
1-1: Called Strike
1-2: Foul Ball, location: 2F
1-2: Ball
2-2: Strikes out swinging
Pinch Hitting: LHB Jon Jay 0-0: Called Strike
0-1: Foul Ball, location: 2F
0-2: DOUBLE (Groundball, 3L, EV 105.6 MPH)
Tommy Pham scores
A.J. Pollock to third
Pitching: RHP Archie Bradley
Batting: RHB Addison Russell 0-0: Ball
1-0: Foul Ball, location: 2F
1-1: Foul Ball, location: 2F
1-2: Strikes out swinging
Batting: LHB Jeff McNeil 0-0: Swinging Strike
0-1: Ball
1-1: Fly out, F8 (Flyball, 8LD, EV 98.8 MPH)
Bottom of the 7th over - 1 run, 1 hit, 1 error, 2 left on base; San Diego 4 - Milwaukee 3
TOP OF THE 8TH
San Diego Padres batting - Pitching for Milwaukee Brewers : RHP Chad Green
Pitching: RHP Robert Stock
Batting: RHB Yadier Molina 0-0: Ball
1-0: Called Strike
1-1: Called Strike
1-2: Foul Ball, location: 2F
1-2: Foul Ball, location: 2F
1-2: Ball
2-2: Foul Ball, location: 2F
2-2: Fly out, F8 (Line Drive, 8LD, EV 103.8 MPH)
Pinch Hitting: RHB Jose Pirela 0-0: Called Strike
0-1: Ground out 1-3 (Groundball, 13, EV 84.4 MPH)
Batting: RHB Amed Rosario 0-0: Ball
1-0: Foul Ball, location: 2F
1-1: Ball
2-1: Called Strike
2-2: Ball
3-2: Strikes out looking
Top of the 8th over - 0 runs, 0 hits, 0 errors, 0 left on base; San Diego 4 - Milwaukee 3
BOTTOM OF THE 8TH
Milwaukee Brewers batting - Pitching for San Diego Padres : RHP Archie Bradley
Pitching: RHP Cam Bedrosian
Batting: RHB Eugenio Suarez 0-0: Ball
1-0: Swinging Strike
1-1: Ball
2-1: Foul Ball, location: 2F
2-2: Strikes out looking
Batting: RHB Aaron Judge 0-0: Foul Ball, location: 2F
0-1: Ball
1-1: Ball
2-1: Foul Ball, location: 2F
2-2: Strikes out looking
Batting: LHB Eric Hosmer 0-0: Ground out 6-3 (Groundball, 4M, EV 85.0 MPH)
Bottom of the 8th over - 0 runs, 0 hits, 0 errors, 0 left on base; San Diego 4 - Milwaukee 3
TOP OF THE 9TH
San Diego Padres batting - Pitching for Milwaukee Brewers : RHP Robert Stock
Pitching: LHP Andrew Miller
Batting: RHB Lorenzo Cain 0-0: Ball
1-0: Foul Ball, location: 2F
1-1: Ball
2-1: Ground out 1-3 (Groundball, 13S, EV 73.8 MPH)
Batting: SHB Carlos Santana 0-0: Called Strike
0-1: Ball
1-1: Foul Ball, location: 2F
1-2: Strikes out looking
Batting: RHB Jose Altuve 0-0: Foul Ball, location: 2F
0-1: Ball
1-1: Foul Ball, location: 2F
1-2: Strikes out looking
Top of the 9th over - 0 runs, 0 hits, 0 errors, 0 left on base; San Diego 4 - Milwaukee 3
BOTTOM OF THE 9TH
Milwaukee Brewers batting - Pitching for San Diego Padres : RHP Cam Bedrosian
Pitching: LHP A.J. Minter
Now at 1B: Brad Miller
Batting: RHB Tommy Pham 0-0: Called Strike
0-1: Ground out 1-3 (Groundball, 13S, EV 61.9 MPH)
Batting: RHB A.J. Pollock 0-0: Fly out, F4 (Flyball, 34D, EV 91.9 MPH)
Batting: RHB Gary Sanchez 0-0: Ball
1-0: Ball
2-0: Ball
3-0: Base on Balls
Pinch Hitting: RHB Manny Pina 0-0: Ball
1-0: Foul Ball, location: 2F
1-1: Called Strike
1-2: Ball
2-2: Ball
3-2: Base on Balls
Gary Sanchez to second
Batting: RHB Addison Russell 0-0: Called Strike
0-1: Foul Ball, location: 2F
0-2: Foul Ball, location: 2F
0-2: Ball
1-2: Foul Ball, location: 2F
1-2: Ground out 3-1 (Groundball, 34S, EV 70.0 MPH)
Bottom of the 9th over - 0 runs, 0 hits, 0 errors, 2 left on base; San Diego 4 - Milwaukee 3
Tuesday, January 21st, 2020 - OOTP Baseball 20.8 Build 74